Avalanche vs Nordiques
(R2)
Created - 20 février 2015 at 19:00
Goals
|
| Avalanche |
0 |
1 |
1 |
2 |
| Nordiques |
0 |
5 |
1 |
6 |
|
Shots
|
| Avalanche |
10 |
3 |
7 |
20 |
| Nordiques |
10 |
11 |
11 |
32 |
|
1st period
No Goal
Penalties :
Brett Lebda (Que) for Tripping (Minor) at 2:56, Andrei Kostitsyn (Que) for Hooking (Minor) at 10:29, Jason Pominville (Col) for Interference (Minor) at 16:59, Dave Tanabe (Col) for Hooking (Minor) at 18:40
2nd period
1. Nordiques , Maxim Talbot 5 (Peter Prucha) at 0:19 (PP)
2. Nordiques , Maxim Talbot 6 (Peter Prucha, Andrei Kostitsyn) at 2:44 (PP)
3. Nordiques , Peter Prucha 26 (Chris Pronger, Chris Mason) at 3:35 (PP)
4. Nordiques , Ryan Bayda 9 (Jordan Leopold, Ryan Parent) at 8:22
5. Avalanche , Jason Pominville 16 (Ryan Smyth, Jack Johnson) at 10:42
6. Nordiques , Antti Miettinen 12 (Marcel Hossa) at 12:38
Penalties :
Jason Pominville (Col) for Holding (Minor) at 2:34, Jason Allison (Col) for Tripping (Minor) at 3:26, Jack Johnson (Col) for Tripping (Minor) at 5:36, Shane O'Brien (Col) for Holding Stick (Minor) at 14:33
3rd period
7. Avalanche , Bryan Little 13 (Chuck Kobasew, Andrew Ladd) at 5:59
8. Nordiques , Andrei Kostitsyn 32 (Maxim Talbot) at 13:16
Penalties :
Ryan Parent (Que) for Hooking (Minor) at 7:01, Dustin Byfuglien (Col) for Roughing (Minor) at 14:08, Michael Rupp (Col) for Hooking (Minor) at 17:08
Goalie Stats
Jimmy Howard (Col), 12 saves from 14 shots - (0,857), 31:38 minutes
Marty Turco (Col), 14 saves from 18 shots - (0,778), L, 9-9-0, 28:22 minutes
Chris Mason (Que), 18 saves from 20 shots - (0,900), W, 2-6-3, 60:00 minutes
Players Stats for Avalanche
Player Name G A P +/- PIM S H SB GA TA FO MP PP MP PK MP
------------------------------------------------------------------------------------
Andrew Ladd 0 1 1 1 0 1 3 0 0 0 0/1 15:46 0:26 5:57
Brian Campbell 0 0 0 0 0 2 0 0 1 0 0/0 20:59 3:40 2:26
Bryan Little 1 0 1 1 0 1 0 0 0 0 0/1 7:36 0:13 0:00
Chuck Kobasew 0 1 1 1 0 0 2 0 0 0 0/0 12:55 0:29 4:07
Corey Perry 0 0 0 0 0 3 2 0 0 0 0/0 16:36 2:50 0:03
Dave Tanabe 0 0 0 0 2 1 1 4 0 0 0/0 20:56 2:42 4:17
Drew Doughty 0 0 0 -1 0 2 0 0 0 1 0/0 8:43 2:28 0:00
Dustin Byfuglien 0 0 0 -1 2 1 1 0 1 0 1/1 12:03 0:31 2:38
Jack Johnson 0 1 1 0 2 0 1 1 1 1 0/0 25:07 2:17 5:34
Jason Allison 0 0 0 -1 2 1 2 0 0 0 12/20 18:43 2:46 2:12
Jason Pominville 1 0 1 0 4 2 0 0 0 0 0/1 15:34 2:34 0:02
Marc Staal 0 0 0 0 0 0 2 1 0 2 0/0 24:22 0:47 6:48
Michael Rupp 0 0 0 0 2 0 2 0 0 0 0/0 14:29 0:00 1:11
Mike Comrie 0 0 0 -1 0 1 1 1 0 0 5/11 14:22 0:00 6:03
Pierre-Marc Bouchard 0 0 0 0 0 2 1 2 1 0 10/20 15:34 2:34 0:00
Rostislav Olesz 0 0 0 -1 0 0 0 0 0 0 0/0 10:44 2:34 0:42
Ryan Smyth 0 1 1 -1 0 3 4 1 0 0 0/0 16:12 2:54 0:00
Shane O'Brien 0 0 0 -2 2 0 1 1 0 0 0/0 17:18 0:00 4:01
Players Stats for Nordiques
Player Name G A P +/- PIM S H SB GA TA FO MP PP MP PK MP
------------------------------------------------------------------------------------
Andrei Kostitsyn 1 1 2 1 2 4 4 1 0 0 0/0 20:03 6:08 0:25
Antti Miettinen 1 0 1 1 0 3 3 1 0 0 1/2 15:35 5:27 0:00
Brett Lebda 0 0 0 0 2 0 3 2 0 0 0/0 21:58 1:45 1:12
Bryan McCabe 0 0 0 0 0 1 0 1 0 0 0/0 1:36 0:00 0:10
Chris Pronger 0 1 1 0 0 2 1 5 0 2 0/0 28:18 7:03 3:33
Ed Jovanovski 0 0 0 0 0 0 2 2 0 0 0/0 19:33 5:18 2:17
Jeff Halpern 0 0 0 -1 0 1 1 0 0 0 1/2 9:14 0:00 0:00
Jordan Leopold 0 1 1 1 0 2 1 0 0 0 0/0 26:19 4:32 2:08
Marcel Hossa 0 1 1 1 0 1 2 0 0 0 0/0 17:05 5:27 1:05
Matt Ellison 0 0 0 -1 0 1 3 0 0 0 0/0 9:11 0:00 0:00
Mattias Weinhandl 0 0 0 0 0 1 0 0 0 0 0/0 9:27 0:00 0:00
Maxim Talbot 2 1 3 1 0 2 2 0 0 1 18/35 22:22 6:08 2:59
Patrik Elias 0 0 0 0 0 4 2 0 1 0 0/0 13:15 0:00 3:11
Peter Prucha 1 2 3 1 0 6 2 1 2 0 1/3 21:26 6:08 1:56
Rickard Wallin 0 0 0 0 0 0 1 0 0 0 1/2 9:27 0:00 0:00
Ryan Bayda 1 0 1 -1 0 1 2 2 0 0 0/0 9:28 0:00 0:22
Ryan Parent 0 1 1 1 2 1 0 0 0 1 0/0 22:05 4:32 2:34
Tyler Arnason 0 0 0 1 0 2 1 0 1 0 5/11 17:38 5:27 1:56
3 Stars
1 - Maxim Talbot (Que)
2 - Peter Prucha (Que)
3 - Andrei Kostitsyn (Que)
Power Play
Avalanche - 0 on 3 Attempt(s) - 0,00%
Nordiques - 3 on 8 Attempt(s) - 37,50%
Penalty Kill
Avalanche - 5 on 8 Attempt(s) - 62,50%
- Score 0 goal in Penalty Kill
Nordiques - 3 on 3 Attempt(s) - 100,00%
- Score 0 goal in Penalty Kill
Team Stat
Avalanche - Hits : 23 - Faceoff Wins : 28 - Blocked Shots : 11 - Penalty Minutes : 16
Nordiques - Hits : 30 - Faceoff Wins : 27 - Blocked Shots : 15 - Penalty Minutes : 6
Official
Referees : McCreary Bill and L'Ecuyer Frederick
Linesman : Steve Barton and Lonnie Cameron
Game Notes
Bryan McCabe is injured at 3:06 of 1st period (Sprained Left Ankle)
Jimmy Howard enters game at 8:22 of 2nd period
10:42 of 2nd period - Avalanche goal is going for a video replay. After video review, Goal.
Drew Doughty is injured at 12:04 of 2nd period (Right Hand)
Finance
Level 1 -- Attendance: 5895 (98,25%) -- Ticket Income 501 075 $
Level 2 -- Attendance: 4753 (95,06%) -- Ticket Income 237 650 $
Level 3 -- Attendance: 1295 (64,75%) -- Ticket Income 51 800 $
Level 4 -- Attendance: 2720 (68,00%) -- Ticket Income 68 000 $
Luxury Box -- Attendance: 974 (97,40%) -- Ticket Income 141 230 $
Game was played at the Colisé Pepsi'
Total Attendance: 15637 (86,87%)
Total Ticket Income: 999 755 $
Other Income: 149 963 $
Total Income: 1 149 718 $
Avalanche
5 vs 5 Forward
Center Left Wing Right Wing Time % Phy DF OF
1 Jason Allison Ryan Smyth Corey Perry 35 1 2 2
2 Pierre-Marc Bouchard Michael Rupp Jason Pominville 35 1 2 2
3 Mike Comrie Rostislav Olesz Dustin Byfuglien 15 1 2 2
4 Bryan Little Andrew Ladd Chuck Kobasew 15 1 2 2
5 vs 5 Defense
Defense Defense Time % Phy DF OF
1 Jack Johnson Marc Staal 40 1 2 2
2 Dave Tanabe Brian Campbell 30 1 2 2
3 Drew Doughty Shane O'Brien 30 1 2 2
4 Jack Johnson Marc Staal 0 1 2 2
PowerPlay Forward
Center Left Wing Right Wing Time % Phy DF OF
1 Jason Allison Ryan Smyth Corey Perry 60 1 2 2
2 Pierre-Marc Bouchard Rostislav Olesz Jason Pominville 40 1 2 2
PowerPlay Defense
Defense Defense Time % Phy DF OF
1 Drew Doughty Brian Campbell 60 1 2 2
2 Dave Tanabe Jack Johnson 40 1 2 2
Penalty Kill 4 Players Forward
Center Wing Time % Phy DF OF
1 Mike Comrie Andrew Ladd 60 1 2 2
2 Dustin Byfuglien Chuck Kobasew 40 1 2 2
Penalty Kill 4 Players Defense
Defense Defense Time % Phy DF OF
1 Jack Johnson Marc Staal 60 1 2 2
2 Dave Tanabe Shane O'Brien 40 1 2 2
Penalty Kill - 3 Players Forward
Forward Time % Phy DF OF
1 Mike Comrie 60 1 2 2
2 Jason Pominville 40 1 2 2
Penalty Kill - 3 Players Defense
Defense Defense Time % Phy DF OF
1 Jack Johnson Marc Staal 60 1 2 2
2 Dave Tanabe Drew Doughty 40 1 2 2
4 vs 4 Forward
Center Wing Time % Phy DF OF
1 Corey Perry Jason Pominville 60 1 2 2
2 Mike Comrie Ryan Smyth 40 1 2 2
4 vs 4 Defense
Defense Defense Time % Phy DF OF
1 Jack Johnson Marc Staal 60 1 2 2
2 Dave Tanabe Drew Doughty 40 1 2 2
Last Minutes Offensive
Center Left Wing Right Wing Defense Defense
Jason Allison Ryan Smyth Corey Perry Drew Doughty Brian Campbell
Last Minutes Defensive
Center Left Wing Right Wing Defense Defense
Mike Comrie Ryan Smyth Dustin Byfuglien Jack Johnson Marc Staal
Goaltenders
Starting : Marty Turco
Backup : Jimmy Howard
Extra Forwards
Normal : Dustin Byfuglien, Andrew Ladd, Chuck Kobasew - PP : Dustin Byfuglien, Andrew Ladd - PK : Chuck Kobasew
Extra Defensemen
Normal : Brian Campbell, Shane O'Brien, Dave Tanabe - PP : Brian Campbell - PK : Shane O'Brien, Dave Tanabe
Penalty Shots
Corey Perry, Jason Pominville, Drew Doughty, Ryan Smyth, Mike Comrie
Nordiques
5 vs 5 Forward
Center Left Wing Right Wing Time % Phy DF OF
1 Maxim Talbot Andrei Kostitsyn Peter Prucha 40 0 2 3
2 Tyler Arnason Marcel Hossa Antti Miettinen 30 0 2 3
3 Rickard Wallin Patrik Elias Mattias Weinhandl 20 1 2 2
4 Jeff Halpern Ryan Bayda Matt Ellison 10 1 2 2
5 vs 5 Defense
Defense Defense Time % Phy DF OF
1 Chris Pronger Bryan McCabe 40 0 2 3
2 Ryan Parent Jordan Leopold 30 0 2 3
3 Ed Jovanovski Brett Lebda 20 1 2 2
4 Chris Pronger Bryan McCabe 10 1 2 2
PowerPlay Forward
Center Left Wing Right Wing Time % Phy DF OF
1 Maxim Talbot Andrei Kostitsyn Peter Prucha 60 0 1 4
2 Tyler Arnason Marcel Hossa Antti Miettinen 40 0 1 4
PowerPlay Defense
Defense Defense Time % Phy DF OF
1 Chris Pronger Bryan McCabe 60 0 2 3
2 Ryan Parent Jordan Leopold 40 0 2 3
Penalty Kill 4 Players Forward
Center Wing Time % Phy DF OF
1 Maxim Talbot Patrik Elias 60 1 3 1
2 Tyler Arnason Peter Prucha 40 1 3 1
Penalty Kill 4 Players Defense
Defense Defense Time % Phy DF OF
1 Chris Pronger Bryan McCabe 60 1 3 1
2 Ryan Parent Jordan Leopold 40 1 3 1
Penalty Kill - 3 Players Forward
Forward Time % Phy DF OF
1 Maxim Talbot 60 1 3 1
2 Antti Miettinen 40 1 3 1
Penalty Kill - 3 Players Defense
Defense Defense Time % Phy DF OF
1 Chris Pronger Bryan McCabe 60 1 3 1
2 Ryan Parent Jordan Leopold 40 1 3 1
4 vs 4 Forward
Center Wing Time % Phy DF OF
1 Maxim Talbot Andrei Kostitsyn 60 0 2 3
2 Tyler Arnason Marcel Hossa 40 0 2 3
4 vs 4 Defense
Defense Defense Time % Phy DF OF
1 Chris Pronger Bryan McCabe 60 1 2 2
2 Ryan Parent Jordan Leopold 40 1 2 2
Last Minutes Offensive
Center Left Wing Right Wing Defense Defense
Maxim Talbot Andrei Kostitsyn Peter Prucha Chris Pronger Bryan McCabe
Last Minutes Defensive
Center Left Wing Right Wing Defense Defense
Maxim Talbot Andrei Kostitsyn Peter Prucha Chris Pronger Bryan McCabe
Goaltenders
Starting : Chris Mason
Backup : Mike Smith
Extra Forwards
Normal : Patrik Elias, Maxim Talbot, Andrei Kostitsyn - PP : Peter Prucha, Andrei Kostitsyn - PK : Marcel Hossa
Extra Defensemen
Normal : Jordan Leopold, Chris Pronger, Bryan McCabe - PP : Ed Jovanovski - PK : Ryan Parent, Ed Jovanovski
Penalty Shots
Andrei Kostitsyn, Maxim Talbot, Ryan Parent, Peter Prucha, Patrik Elias
% Time on Ice - Avalanche
Lines # - Real PCT - Wanted PCT - Time Play
Normal Forward
1 - 34% - 35% - 14:39
2 - 31% - 35% - 13:00
3 - 18% - 15% - 7:26
4 - 17% - 15% - 7:23
Normal Defense
1 - 39% - 40% - 16:25
2 - 26% - 30% - 10:51
3 - 36% - 30% - 15:12
4 - 0% - 0% - 0:00
PP Forward
1 - 52% - 60% - 3:04
2 - 48% - 40% - 2:53
PP Defense
1 - 75% - 60% - 4:27
2 - 25% - 40% - 1:30
PK Forward
1 - 70% - 60% - 7:54
2 - 30% - 40% - 3:23
PK Defense
1 - 63% - 60% - 7:09
2 - 37% - 40% - 4:08
PK3 Forward
1 - 100% - 60% - 0:18
2 - 0% - 40% - 0:00
PK3 Defense
1 - 100% - 60% - 0:18
2 - 0% - 40% - 0:00
44 Forward
1 - 0% - 60%
2 - 0% - 40%
44 Defense
1 - 0% - 60%
2 - 0% - 40%
Last Minute Offensive - 0:00
Last Minute Defensive - 0:00
Total
Forward - 60:00
Defense - 60:00
|
% Time on Ice - Nordiques
Lines # - Real PCT - Wanted PCT - Time Play
Normal Forward
1 - 32% - 40% - 13:40
2 - 24% - 30% - 10:15
3 - 22% - 20% - 9:27
4 - 21% - 10% - 9:06
Normal Defense
1 - 44% - 40% - 18:47
2 - 31% - 30% - 12:59
3 - 18% - 20% - 7:40
4 - 7% - 10% - 3:02
PP Forward
1 - 53% - 60% - 6:08
2 - 47% - 40% - 5:27
PP Defense
1 - 61% - 60% - 7:03
2 - 39% - 40% - 4:32
PK Forward
1 - 68% - 60% - 4:01
2 - 32% - 40% - 1:56
PK Defense
1 - 64% - 60% - 3:49
2 - 36% - 40% - 2:08
PK3 Forward
1 - 0% - 60%
2 - 0% - 40%
PK3 Defense
1 - 0% - 60%
2 - 0% - 40%
44 Forward
1 - 0% - 60%
2 - 0% - 40%
44 Defense
1 - 0% - 60%
2 - 0% - 40%
Last Minute Offensive - 0:00
Last Minute Defensive - 0:00
Total
Forward - 60:00
Defense - 60:00
|
Play by Play
1st period
0:01 of 1st period - Jason Allison wins face-off versus Peter Prucha in neutral zone.
1:26 of 1st period - Maxim Talbot is hit by Ryan Smyth and loses puck.
1:46 of 1st period - Slapshot by Bryan McCabe.
1:46 of 1st period - Deflect By Jason Allison.
1:46 of 1st period - Stopped by Marty Turco without a rebound.
1:47 of 1st period - Pierre-Marc Bouchard wins face-off versus Tyler Arnason in Avalanche zone.
1:47 of 1st period - Pierre-Marc Bouchard is hit by Marcel Hossa.
2:56 of 1st period - Minor Penalty to Brett Lebda for Tripping.
2:57 of 1st period - Jason Allison wins face-off versus Maxim Talbot in Nordiques zone.
3:06 of 1st period - Slapshot by Corey Perry.
3:06 of 1st period - Shot Blocked by Bryan McCabe.
3:06 of 1st period - Bryan McCabe from Nordiques is injured at 3:06 of 1st period (Sprained Left Ankle).
3:07 of 1st period - Maxim Talbot wins face-off versus Jason Allison in Nordiques zone.
3:10 of 1st period - Snap shot by Corey Perry.
3:10 of 1st period - Stopped by Chris Mason with a rebound.
3:12 of 1st period - Wrist shot by Ryan Smyth.
3:12 of 1st period - Stopped by Chris Mason with a rebound.
3:14 of 1st period - Slapshot by Drew Doughty.
3:14 of 1st period - Shot Blocked by Chris Pronger.
3:16 of 1st period - Snap shot by Ryan Smyth.
3:16 of 1st period - Stopped by Chris Mason with a rebound.
3:18 of 1st period - Slapshot by Brian Campbell.
3:18 of 1st period - Stopped by Chris Mason without a rebound.
3:19 of 1st period - Jason Allison wins face-off versus Maxim Talbot in Nordiques zone.
4:56 of 1st period - Penalty to Brett Lebda is over, Brett Lebda is back on ice.
5:52 of 1st period - Marc Staal is hit by Peter Prucha and loses puck.
6:05 of 1st period - Ryan Smyth is hit by Jeff Halpern and loses puck.
7:35 of 1st period - Icing by Jordan Leopold.
7:36 of 1st period - Jeff Halpern wins face-off versus Jason Allison in Nordiques zone.
7:36 of 1st period - Jeff Halpern is hit by Corey Perry.
8:14 of 1st period - Corey Perry is hit by Matt Ellison and loses puck.
8:31 of 1st period - Drew Doughty is hit by Chris Pronger and loses puck.
8:40 of 1st period - Ryan Parent is hit by Ryan Smyth and loses puck.
8:49 of 1st period - Slapshot by Drew Doughty.
8:49 of 1st period - Stopped by Chris Mason with a rebound.
9:12 of 1st period - Icing by Ryan Smyth.
9:13 of 1st period - Maxim Talbot wins face-off versus Jason Allison in Avalanche zone.
9:14 of 1st period - Snap shot by Andrei Kostitsyn.
9:14 of 1st period - Stopped by Marty Turco with a rebound.
9:28 of 1st period - Slapshot by Peter Prucha.
9:28 of 1st period - Stopped by Marty Turco with a rebound.
9:45 of 1st period - Marc Staal is hit by Brett Lebda and loses puck.
9:58 of 1st period - Marc Staal is hit by Rickard Wallin and loses puck.
10:07 of 1st period - Snap shot by Pierre-Marc Bouchard.
10:07 of 1st period - Stopped by Chris Mason without a rebound.
10:08 of 1st period - Maxim Talbot wins face-off versus Bryan Little in Nordiques zone.
10:13 of 1st period - Wrist shot by Maxim Talbot.
10:13 of 1st period - Shot Misses the Net.
10:29 of 1st period - Minor Penalty to Andrei Kostitsyn for Hooking.
10:30 of 1st period - Maxim Talbot wins face-off versus Pierre-Marc Bouchard in Nordiques zone.
10:45 of 1st period - Wrist shot by Brian Campbell.
10:45 of 1st period - Stopped by Chris Mason with a rebound.
11:13 of 1st period - Ryan Smyth is hit by Peter Prucha and loses puck.
11:41 of 1st period - Snap shot by Peter Prucha.
11:41 of 1st period - Stopped by Marty Turco with a rebound.
11:59 of 1st period - Ryan Bayda is hit by Chuck Kobasew and loses puck.
12:29 of 1st period - Penalty to Andrei Kostitsyn is over, Andrei Kostitsyn is back on ice.
12:38 of 1st period - Dave Tanabe is hit by Patrik Elias.
13:02 of 1st period - Wrist shot by Marcel Hossa.
13:02 of 1st period - Stopped by Marty Turco with a rebound.
13:20 of 1st period - Dave Tanabe is hit by Ryan Bayda and loses puck.
13:43 of 1st period - Icing by Jordan Leopold.
13:44 of 1st period - Jason Allison wins face-off versus Tyler Arnason in Nordiques zone.
13:45 of 1st period - Slapshot by Drew Doughty.
13:45 of 1st period - Shot Misses the Net.
13:47 of 1st period - Wrist shot by Corey Perry.
13:47 of 1st period - Stopped by Chris Mason without a rebound.
13:48 of 1st period - Jason Allison wins face-off versus Antti Miettinen in Nordiques zone.
13:49 of 1st period - Wrist shot by Corey Perry.
13:49 of 1st period - Shot Blocked by Brett Lebda.
13:51 of 1st period - Slapshot by Drew Doughty.
13:51 of 1st period - Shot Blocked by Ed Jovanovski.
13:53 of 1st period - Snap shot by Ryan Smyth.
13:53 of 1st period - Stopped by Chris Mason with a rebound.
14:15 of 1st period - Wrist shot by Jason Pominville.
14:15 of 1st period - Stopped by Chris Mason with a rebound.
14:45 of 1st period - Wrist shot by Mattias Weinhandl.
14:45 of 1st period - Stopped by Marty Turco with a rebound.
15:15 of 1st period - Icing by Andrew Ladd.
15:16 of 1st period - Jason Allison wins face-off versus Jeff Halpern in Avalanche zone.
16:08 of 1st period - Brian Campbell is hit by Jordan Leopold.
16:39 of 1st period - Drew Doughty is hit by Matt Ellison and loses puck.
16:46 of 1st period - Snap shot by Matt Ellison.
16:46 of 1st period - Stopped by Marty Turco without a rebound.
16:47 of 1st period - Maxim Talbot wins face-off versus Pierre-Marc Bouchard in Avalanche zone.
16:52 of 1st period - Snap shot by Peter Prucha.
16:52 of 1st period - Stopped by Marty Turco without a rebound.
16:53 of 1st period - Maxim Talbot wins face-off versus Pierre-Marc Bouchard in Avalanche zone.
16:54 of 1st period - Wrist shot by Andrei Kostitsyn.
16:54 of 1st period - Stopped by Marty Turco without a rebound.
16:55 of 1st period - Maxim Talbot wins face-off versus Pierre-Marc Bouchard in Avalanche zone.
16:59 of 1st period - Minor Penalty to Jason Pominville for Interference.
17:00 of 1st period - Mike Comrie wins face-off versus Maxim Talbot in Avalanche zone.
17:26 of 1st period - Marcel Hossa is hit by Jack Johnson.
18:28 of 1st period - Brett Lebda is hit by Dave Tanabe and loses puck.
18:40 of 1st period - Minor Penalty to Dave Tanabe for Hooking.
18:41 of 1st period - Tyler Arnason wins face-off versus Mike Comrie in Avalanche zone.
18:48 of 1st period - Snap shot by Tyler Arnason.
18:48 of 1st period - Stopped by Marty Turco with a rebound.
18:59 of 1st period - Penalty to Jason Pominville is over, Jason Pominville is back on ice.
Goals for this period are 0 for Avalanche vs 0 for Nordiques.
Shots for this period are 10 for Avalanche vs 10 for Nordiques.
2nd period
0:01 of 2nd period - Mike Comrie wins face-off versus Maxim Talbot in neutral zone.
0:11 of 2nd period - Icing by Maxim Talbot.
0:12 of 2nd period - Mike Comrie wins face-off versus Maxim Talbot in Nordiques zone.
0:13 of 2nd period - Wrist shot by Andrew Ladd.
0:13 of 2nd period - Shot Misses the Net.
0:19 of 2nd period - Slapshot by Maxim Talbot.
0:19 of 2nd period - Goal by Maxim Talbot - Avalanche : 0 - Nordiques : 1.
0:20 of 2nd period - Pierre-Marc Bouchard wins face-off versus Maxim Talbot in neutral zone.
0:47 of 2nd period - Ryan Parent is hit by Jason Allison and loses puck.
1:12 of 2nd period - Snap shot by Mattias Weinhandl.
1:12 of 2nd period - Shot Blocked by Shane O'Brien.
1:14 of 2nd period - Snap shot by Patrik Elias.
1:14 of 2nd period - Stopped by Marty Turco without a rebound.
1:15 of 2nd period - Pierre-Marc Bouchard wins face-off versus Maxim Talbot in Avalanche zone.
1:50 of 2nd period - Snap shot by Marcel Hossa.
1:50 of 2nd period - Shot Misses the Net.
2:34 of 2nd period - Minor Penalty to Jason Pominville for Holding.
2:35 of 2nd period - Maxim Talbot wins face-off versus Mike Comrie in Avalanche zone.
2:42 of 2nd period - Slapshot by Peter Prucha.
2:42 of 2nd period - Stopped by Marty Turco with a rebound.
2:44 of 2nd period - Snap shot by Maxim Talbot.
2:44 of 2nd period - Goal by Maxim Talbot - Avalanche : 0 - Nordiques : 2.
2:45 of 2nd period - Pierre-Marc Bouchard wins face-off versus Maxim Talbot in neutral zone.
2:56 of 2nd period - Snap shot by Michael Rupp.
2:56 of 2nd period - Shot Misses the Net.
2:59 of 2nd period - Icing by Maxim Talbot.
3:00 of 2nd period - Jason Allison wins face-off versus Maxim Talbot in Nordiques zone.
3:17 of 2nd period - Snap shot by Maxim Talbot.
3:17 of 2nd period - Shot Blocked by Ryan Smyth.
3:19 of 2nd period - Wrist shot by Andrei Kostitsyn.
3:19 of 2nd period - Shot Misses the Net.
3:21 of 2nd period - Snap shot by Jordan Leopold.
3:21 of 2nd period - Stopped by Marty Turco with a rebound.
3:26 of 2nd period - Minor Penalty to Jason Allison for Tripping.
3:27 of 2nd period - Mike Comrie wins face-off versus Maxim Talbot in Avalanche zone.
3:35 of 2nd period - Snap shot by Peter Prucha.
3:35 of 2nd period - Goal by Peter Prucha - Avalanche : 0 - Nordiques : 3.
3:36 of 2nd period - Maxim Talbot wins face-off versus Pierre-Marc Bouchard in neutral zone.
3:57 of 2nd period - Jason Pominville is hit by Andrei Kostitsyn and loses puck.
4:08 of 2nd period - Slapshot by Drew Doughty.
4:08 of 2nd period - Stopped by Chris Mason with a rebound.
4:28 of 2nd period - Snap shot by Drew Doughty.
4:28 of 2nd period - Shot Blocked by Andrei Kostitsyn.
4:30 of 2nd period - Slapshot by Drew Doughty.
4:30 of 2nd period - Shot Misses the Net.
4:32 of 2nd period - Snap shot by Pierre-Marc Bouchard.
4:32 of 2nd period - Stopped by Chris Mason without a rebound.
4:33 of 2nd period - Jason Allison wins face-off versus Tyler Arnason in Nordiques zone.
4:36 of 2nd period - Wrist shot by Corey Perry.
4:36 of 2nd period - Deflect By Marcel Hossa.
4:36 of 2nd period - Shot Blocked by Brett Lebda.
4:36 of 2nd period - Puck is out of play.
4:37 of 2nd period - Jason Allison wins face-off versus Tyler Arnason in Nordiques zone.
5:08 of 2nd period - Snap shot by Patrik Elias.
5:08 of 2nd period - Stopped by Marty Turco without a rebound.
5:09 of 2nd period - Jason Allison wins face-off versus Rickard Wallin in Avalanche zone.
5:36 of 2nd period - Minor Penalty to Jack Johnson for Tripping.
5:37 of 2nd period - Maxim Talbot wins face-off versus Mike Comrie in Avalanche zone.
7:36 of 2nd period - Penalty to Jack Johnson is over, Jack Johnson is back on ice.
7:45 of 2nd period - Snap shot by Jack Johnson.
7:45 of 2nd period - Shot Misses the Net.
8:20 of 2nd period - Slapshot by Ryan Parent.
8:20 of 2nd period - Shot Misses the Net.
8:22 of 2nd period - Slapshot by Jordan Leopold.
8:22 of 2nd period - Deflect By Ryan Bayda.
8:22 of 2nd period - Goal by Ryan Bayda - Avalanche : 0 - Nordiques : 4.
8:22 of 2nd period - Jimmy Howard enters game.
8:23 of 2nd period - Tyler Arnason wins face-off versus Pierre-Marc Bouchard in neutral zone.
8:36 of 2nd period - Slapshot by Jason Pominville.
8:36 of 2nd period - Shot Blocked by Chris Pronger.
8:45 of 2nd period - Icing by Michael Rupp.
8:46 of 2nd period - Rickard Wallin wins face-off versus Jason Allison in Avalanche zone.
8:55 of 2nd period - Snap shot by Patrik Elias.
8:55 of 2nd period - Stopped by Jimmy Howard without a rebound.
8:56 of 2nd period - Pierre-Marc Bouchard wins face-off versus Maxim Talbot in Avalanche zone.
9:07 of 2nd period - Pierre-Marc Bouchard is hit by Andrei Kostitsyn and loses puck.
9:26 of 2nd period - Snap shot by Tyler Arnason.
9:26 of 2nd period - Stopped by Jimmy Howard without a rebound.
9:27 of 2nd period - Jason Allison wins face-off versus Tyler Arnason in Avalanche zone.
9:27 of 2nd period - Jason Allison is hit by Ed Jovanovski.
9:45 of 2nd period - Jack Johnson is hit by Antti Miettinen and loses puck.
10:40 of 2nd period - Wrist shot by Jason Pominville.
10:40 of 2nd period - Shot Misses the Net.
10:42 of 2nd period - Snap shot by Jason Pominville.
10:42 of 2nd period - Avalanche goal is going for a video replay.
10:42 of 2nd period - The goal is good.
10:42 of 2nd period - Goal by Jason Pominville - Avalanche : 1 - Nordiques : 4.
10:43 of 2nd period - Pierre-Marc Bouchard wins face-off versus Maxim Talbot in neutral zone.
11:09 of 2nd period - Marcel Hossa is hit by Andrew Ladd and loses puck.
12:03 of 2nd period - Drew Doughty is hit by Brett Lebda and loses puck.
12:04 of 2nd period - Drew Doughty from Avalanche is injured at 12:04 of 2nd period (Right Hand).
12:05 of 2nd period - Pierre-Marc Bouchard wins face-off versus Maxim Talbot in Avalanche zone.
12:05 of 2nd period - Pierre-Marc Bouchard is hit by Maxim Talbot.
12:38 of 2nd period - Wrist shot by Antti Miettinen.
12:38 of 2nd period - Goal by Antti Miettinen - Avalanche : 1 - Nordiques : 5.
12:39 of 2nd period - Maxim Talbot wins face-off versus Pierre-Marc Bouchard in neutral zone.
13:05 of 2nd period - Corey Perry is hit by Antti Miettinen and loses puck.
13:38 of 2nd period - Slapshot by Ryan Bayda.
13:38 of 2nd period - Shot Misses the Net.
14:15 of 2nd period - Jason Pominville is hit by Ed Jovanovski and loses puck.
14:33 of 2nd period - Minor Penalty to Shane O'Brien for Holding Stick.
14:34 of 2nd period - Maxim Talbot wins face-off versus Mike Comrie in Avalanche zone.
14:39 of 2nd period - Snap shot by Maxim Talbot.
14:39 of 2nd period - Shot Blocked by Marc Staal.
14:41 of 2nd period - Wrist shot by Peter Prucha.
14:41 of 2nd period - Shot Misses the Net.
14:43 of 2nd period - Wrist shot by Andrei Kostitsyn.
14:43 of 2nd period - Shot Blocked by Mike Comrie.
14:45 of 2nd period - Snap shot by Peter Prucha.
14:45 of 2nd period - Shot Misses the Net.
14:47 of 2nd period - Wrist shot by Maxim Talbot.
14:47 of 2nd period - Shot Misses the Net.
14:49 of 2nd period - Snap shot by Peter Prucha.
14:49 of 2nd period - Shot Misses the Net.
15:43 of 2nd period - Dustin Byfuglien is hit by Antti Miettinen and loses puck.
16:33 of 2nd period - Penalty to Shane O'Brien is over, Shane O'Brien is back on ice.
16:47 of 2nd period - Patrik Elias is hit by Ryan Smyth and loses puck.
17:39 of 2nd period - Chris Pronger is hit by Jason Allison and loses puck.
17:54 of 2nd period - Brian Campbell is hit by Brett Lebda and loses puck.
18:32 of 2nd period - Andrew Ladd is hit by Maxim Talbot and loses puck.
19:01 of 2nd period - Snap shot by Dustin Byfuglien.
19:01 of 2nd period - Shot Misses the Net.
19:13 of 2nd period - Patrik Elias is hit by Ryan Smyth and loses puck.
19:44 of 2nd period - Corey Perry is hit by Patrik Elias and loses puck.
Goals for this period are 1 for Avalanche vs 5 for Nordiques.
Shots for this period are 3 for Avalanche vs 11 for Nordiques.
3rd period
0:01 of 3rd period - Pierre-Marc Bouchard wins face-off versus Maxim Talbot in neutral zone.
0:04 of 3rd period - Jordan Leopold is hit by Marc Staal and loses puck.
0:52 of 3rd period - Slapshot by Chris Pronger.
0:52 of 3rd period - Stopped by Jimmy Howard with a rebound.
0:54 of 3rd period - Wrist shot by Jeff Halpern.
0:54 of 3rd period - Stopped by Jimmy Howard with a rebound.
0:56 of 3rd period - Slapshot by Chris Pronger.
0:56 of 3rd period - Stopped by Jimmy Howard with a rebound.
1:37 of 3rd period - Snap shot by Andrei Kostitsyn.
1:37 of 3rd period - Stopped by Jimmy Howard with a rebound.
2:12 of 3rd period - Snap shot by Mike Comrie.
2:12 of 3rd period - Shot Blocked by Ryan Bayda.
3:25 of 3rd period - Slapshot by Shane O'Brien.
3:25 of 3rd period - Shot Misses the Net.
3:42 of 3rd period - Jeff Halpern is hit by Mike Comrie.
3:52 of 3rd period - Ed Jovanovski is hit by Michael Rupp and loses puck.
4:48 of 3rd period - Wrist shot by Patrik Elias.
4:48 of 3rd period - Stopped by Jimmy Howard without a rebound.
4:49 of 3rd period - Maxim Talbot wins face-off versus Mike Comrie in Avalanche zone.
4:50 of 3rd period - Wrist shot by Peter Prucha.
4:50 of 3rd period - Stopped by Jimmy Howard with a rebound.
5:25 of 3rd period - Brian Campbell is hit by Marcel Hossa.
5:39 of 3rd period - Marc Staal is hit by Ryan Bayda and loses puck.
5:52 of 3rd period - Ryan Bayda is hit by Andrew Ladd and loses puck.
5:59 of 3rd period - Wrist shot by Bryan Little.
5:59 of 3rd period - Goal by Bryan Little - Avalanche : 2 - Nordiques : 5.
6:00 of 3rd period - Pierre-Marc Bouchard wins face-off versus Maxim Talbot in neutral zone.
6:08 of 3rd period - Brett Lebda is hit by Marc Staal and loses puck.
6:30 of 3rd period - Snap shot by Ryan Smyth.
6:30 of 3rd period - Shot Blocked by Antti Miettinen.
6:50 of 3rd period - Jordan Leopold is hit by Andrew Ladd and loses puck.
7:01 of 3rd period - Minor Penalty to Ryan Parent for Hooking.
7:02 of 3rd period - Maxim Talbot wins face-off versus Jason Allison in Nordiques zone.
7:42 of 3rd period - Snap shot by Tyler Arnason.
7:42 of 3rd period - Shot Blocked by Pierre-Marc Bouchard.
7:48 of 3rd period - Slapshot by Jordan Leopold.
7:48 of 3rd period - Shot Blocked by Dave Tanabe.
8:00 of 3rd period - Snap shot by Corey Perry.
8:00 of 3rd period - Stopped by Chris Mason with a rebound.
8:02 of 3rd period - Slapshot by Jason Allison.
8:02 of 3rd period - Shot Blocked by Ed Jovanovski.
8:04 of 3rd period - Snap shot by Corey Perry.
8:04 of 3rd period - Shot Blocked by Chris Pronger.
9:01 of 3rd period - Penalty to Ryan Parent is over, Ryan Parent is back on ice.
9:39 of 3rd period - Snap shot by Ryan Bayda.
9:39 of 3rd period - Deflect By Jeff Halpern.
9:39 of 3rd period - Shot Hit the Post.
9:39 of 3rd period - Puck is out of play.
9:40 of 3rd period - Maxim Talbot wins face-off versus Jason Pominville in Avalanche zone.
9:43 of 3rd period - Wrist shot by Andrei Kostitsyn.
9:43 of 3rd period - Shot Blocked by Dave Tanabe.
9:49 of 3rd period - Slapshot by Jason Pominville.
9:49 of 3rd period - Shot Blocked by Peter Prucha.
9:59 of 3rd period - Snap shot by Jason Allison.
9:59 of 3rd period - Stopped by Chris Mason without a rebound.
10:00 of 3rd period - Tyler Arnason wins face-off versus Jason Allison in Nordiques zone.
10:00 of 3rd period - Tyler Arnason is hit by Corey Perry.
10:06 of 3rd period - Ryan Parent is hit by Shane O'Brien and loses puck.
11:14 of 3rd period - Patrik Elias is hit by Chuck Kobasew and loses puck.
11:32 of 3rd period - Icing by Brian Campbell.
11:33 of 3rd period - Tyler Arnason wins face-off versus Jason Allison in Avalanche zone.
11:34 of 3rd period - Slapshot by Antti Miettinen.
11:34 of 3rd period - Stopped by Jimmy Howard with a rebound.
11:40 of 3rd period - Wrist shot by Antti Miettinen.
11:40 of 3rd period - Stopped by Jimmy Howard without a rebound.
11:41 of 3rd period - Pierre-Marc Bouchard wins face-off versus Peter Prucha in Avalanche zone.
11:52 of 3rd period - Snap shot by Maxim Talbot.
11:52 of 3rd period - Shot Hit the Post.
12:51 of 3rd period - Snap shot by Ryan Bayda.
12:51 of 3rd period - Shot Misses the Net.
12:53 of 3rd period - Slapshot by Brett Lebda.
12:53 of 3rd period - Shot Misses the Net.
13:13 of 3rd period - Brian Campbell is hit by Andrei Kostitsyn.
13:14 of 3rd period - Icing by Brian Campbell.
13:15 of 3rd period - Maxim Talbot wins face-off versus Pierre-Marc Bouchard in Avalanche zone.
13:16 of 3rd period - Snap shot by Andrei Kostitsyn.
13:16 of 3rd period - Goal by Andrei Kostitsyn - Avalanche : 2 - Nordiques : 6.
13:17 of 3rd period - Peter Prucha wins face-off versus Pierre-Marc Bouchard in neutral zone.
13:33 of 3rd period - Snap shot by Michael Rupp.
13:33 of 3rd period - Shot Misses the Net.
13:45 of 3rd period - Snap shot by Mike Comrie.
13:45 of 3rd period - Deflect By Dustin Byfuglien.
13:45 of 3rd period - Shot Misses the Net.
13:45 of 3rd period - Puck is out of play.
13:46 of 3rd period - Tyler Arnason wins face-off versus Mike Comrie in Nordiques zone.
13:59 of 3rd period - Brett Lebda is hit by Dustin Byfuglien and loses puck.
14:02 of 3rd period - Slapshot by Brett Lebda.
14:02 of 3rd period - Shot Misses the Net.
14:08 of 3rd period - Minor Penalty to Dustin Byfuglien for Roughing.
14:09 of 3rd period - Mike Comrie wins face-off versus Maxim Talbot in Avalanche zone.
14:34 of 3rd period - Marc Staal is hit by Tyler Arnason and loses puck.
14:41 of 3rd period - Snap shot by Tyler Arnason.
14:41 of 3rd period - Shot Blocked by Jack Johnson.
14:48 of 3rd period - Icing by Jordan Leopold.
14:49 of 3rd period - Jason Allison wins face-off versus Tyler Arnason in Nordiques zone.
15:20 of 3rd period - Slapshot by Antti Miettinen.
15:20 of 3rd period - Shot Blocked by Dave Tanabe.
15:22 of 3rd period - Slapshot by Jordan Leopold.
15:22 of 3rd period - Stopped by Jimmy Howard with a rebound.
15:24 of 3rd period - Snap shot by Antti Miettinen.
15:24 of 3rd period - Shot Blocked by Dave Tanabe.
15:26 of 3rd period - Slapshot by Jordan Leopold.
15:26 of 3rd period - Deflect By Tyler Arnason.
15:26 of 3rd period - Shot Misses the Net.
15:26 of 3rd period - Puck is out of play.
15:27 of 3rd period - Maxim Talbot wins face-off versus Andrew Ladd in Avalanche zone.
16:08 of 3rd period - Penalty to Dustin Byfuglien is over, Dustin Byfuglien is back on ice.
16:30 of 3rd period - Snap shot by Mike Comrie.
16:30 of 3rd period - Shot Blocked by Ryan Bayda.
16:38 of 3rd period - Snap shot by Andrew Ladd.
16:38 of 3rd period - Stopped by Chris Mason with a rebound.
16:47 of 3rd period - Snap shot by Mike Comrie.
16:47 of 3rd period - Shot Blocked by Chris Pronger.
16:49 of 3rd period - Snap shot by Dustin Byfuglien.
16:49 of 3rd period - Stopped by Chris Mason with a rebound.
16:51 of 3rd period - Slapshot by Dave Tanabe.
16:51 of 3rd period - Shot Misses the Net.
16:53 of 3rd period - Wrist shot by Dustin Byfuglien.
16:53 of 3rd period - Shot Misses the Net.
16:55 of 3rd period - Slapshot by Dave Tanabe.
16:55 of 3rd period - Shot Blocked by Chris Pronger.
16:59 of 3rd period - Snap shot by Mike Comrie.
16:59 of 3rd period - Stopped by Chris Mason without a rebound.
17:00 of 3rd period - Maxim Talbot wins face-off versus Pierre-Marc Bouchard in Nordiques zone.
17:00 of 3rd period - Maxim Talbot is hit by Michael Rupp.
17:05 of 3rd period - Ryan Parent is hit by Pierre-Marc Bouchard and loses puck.
17:08 of 3rd period - Minor Penalty to Michael Rupp for Hooking.
17:09 of 3rd period - Dustin Byfuglien wins face-off versus Maxim Talbot in Avalanche zone.
17:37 of 3rd period - Off-side.
17:38 of 3rd period - Antti Miettinen wins face-off versus Jason Allison in neutral zone.
17:49 of 3rd period - Slapshot by Dave Tanabe.
17:49 of 3rd period - Stopped by Chris Mason with a rebound.
17:53 of 3rd period - Snap shot by Jason Allison.
17:53 of 3rd period - Shot Misses the Net.
18:03 of 3rd period - Andrew Ladd is hit by Andrei Kostitsyn.
19:08 of 3rd period - Penalty to Michael Rupp is over, Michael Rupp is back on ice.
19:17 of 3rd period - Backhand shot by Ryan Parent.
19:17 of 3rd period - Stopped by Jimmy Howard with a rebound.
19:19 of 3rd period - Backhand shot by Jordan Leopold.
19:19 of 3rd period - Shot Blocked by Pierre-Marc Bouchard.
19:41 of 3rd period - Jason Allison is hit by Matt Ellison and loses puck.
Goals for this period are 1 for Avalanche vs 1 for Nordiques.
Shots for this period are 7 for Avalanche vs 11 for Nordiques.
Output by the SimonT Hockey Simulator (STHS) for François Prévost -- Original Page W3C XHTML 1.0 Valid